 Dungeon Sprint DCSS version bcrawl-1.21 (webtiles) character file.

Game seed: 3001460228952469391

53742 MordorOrchid the Sorcerer (level 14, -11/106 HPs)
             Began as a Fairy Fire Elementalist on Feb 15, 2020.
             Was the Champion of Vehumet.
             Killed from afar by a frost giant (52 damage)
             ... with a freezing blast
             ... in the Dungeon (Sprint IX: "|||||||||||||||||||||||||||||").
             The game lasted 00:29:42 (3283 turns).

MordorOrchid the Sorcerer (Fairy Fire Elementalist) Turns: 3283, Time: 00:29:42

Health: -11/106    AC: 11    Str:  9    XL:     14   Next: 69%
Magic:  10/41      EV: 25    Int: 28    God:    Vehumet [******]
Gold:   53         SH: 22    Dex: 12    Spells: 15/56 levels left

rFire    . . .     SeeInvis .   y - +2 rapier of Conflict {speed, *Corrode +Blink MR+}
rCold    . . .     Gourm    .   R - +2 shield {reflect}
rNeg     . . .     Faith    .   (armour unavailable)
rPois    .         Spirit   .   P - +1 helmet
rElec    .         Reflect  +   z - +0 cloak
rCorr    .         Harm     .   (no gloves)
MR       ++...     NoTele   +   r - +0 pair of boots
Stlth    +.........             (no amulet)
HPRegen  0.27/turn              s - +3 ring of intelligence
MPRegen  0.27/turn              t - +3 ring of strength

@: no status effects
A: small, magic attunement, unstealthy, unfitting armour, able to fly, AC/SH +7
a: Fly, Renounce Religion, Evoke Blink


You were in the Dungeon.
You worshipped Vehumet.
Vehumet was exalted by your worship.
You were not hungry.

You visited 1 branch You collected 1949 gold pieces.
You spent 1896 gold pieces at shops.

Inventory:

Hand Weapons
 a - the +4 mace "Quohiuro" {drain, rPois}
   (You bought it in a shop in the Dungeon)

   A truly terrible weapon, it drains the life of those it strikes.
   It protects you from poison.
 b - a +9 blowgun
 y - the +2 rapier of Conflict (weapon) {speed, *Corrode +Blink MR+}
   (You found it in the Dungeon)

   Attacks with this weapon are significantly faster.
   It affects your resistance to hostile enchantments.
   It lets you blink.
   It may corrode you when you take damage.
Missiles
 j - 221 stones (quivered)
 p - 79 sling bullets
 A - 5 throwing nets {!f}
Armour
 r - a +0 pair of boots (worn)
 z - a +0 cloak (worn)
 I - a scarf of stasis
 P - a +1 helmet (worn)
 R - a +2 shield of reflection (worn)
Jewellery
 s - a +3 ring of intelligence (left hand)
 t - a +3 ring of strength (right hand)
 L - an uncursed ring of ice
 M - an uncursed ring of protection from magic
 N - an uncursed ring of protection from magic
 O - an uncursed ring of protection from cold
Wands
 C - a wand of iceblast (20)
 H - a wand of clouds (4)
 Q - a wand of digging (10)
Scrolls
 i - 2 scrolls of blinking
 k - 2 scrolls of identify
 m - 6 scrolls of remove curse
 n - 3 scrolls of amnesia
 q - a scroll of fear
 v - 6 scrolls of enchant weapon
 w - a scroll of fog
 G - 3 scrolls of immolation
Potions
 c - 7 potions of heal wounds
 d - 11 potions of curing
 f - 2 potions of haste
 g - 5 potions of magic
 h - 2 potions of berserk rage
 l - a potion of brilliance
 x - a potion of flight
 D - a potion of mutation {unknown}
 E - a potion of degeneration {unknown}
 F - 2 potions of agility
 J - 3 potions of might
Comestibles
 e - 10 rations {!d}
 o - 3 chunks of flesh


   Skills:
 * Level 13.5 Fighting
 - Level 6.0 Short Blades
 * Level 18.0 Dodging
 - Level 1.5 Stealth
 * Level 14.1 Shields
 + Level 21.5 Spellcasting
 + Level 18.9 Conjurations
 + Level 17.9 Fire Magic
 * Level 8.6 Ice Magic
 - Level 10.0 Earth Magic
 - Level 4.2 Poison Magic
 - Level 8.1 Evocations


You had 15 spell levels left.
You knew the following spells:

 Your Spells              Type           Power        Failure   Level  Hunger
a - Flame Tongue          Conj/Fire      #####        0%          1    None
b - Olgreb's Toxic Radia  Pois           ######..     1%          4    None
c - Conjure Flame         Conj/Fire      #######.     0%          3    None
d - Inner Flame           Hex/Fire       N/A          1%          3    None
e - Sticky Flame          Conj/Fire      #######.     0%          4    None
f - Fireball              Conj/Fire      #######...   1%          5    None
g - Stone Arrow           Conj/Erth      ######       0%          3    None
h - Bolt of Cold          Conj/Ice       #######...   1%          6    None
i - Iron Shot             Conj/Erth      #######...   1%          6    None
j - Bolt of Fire          Conj/Fire      #######...   1%          6    None

Your spell library contained the following spells:

 Spells                   Type           Power        Failure   Level  Hunger
 Ignition                 Fire           #######...   2%          8    None
 Lehudib's Crystal Spear  Conj/Erth      #######...   11%         8    None
 Glaciate                 Conj/Ice/Air   ######....   61%         8    None
 Flaming Arrows           Chrm/Fire      ######..     1%          2    None


Dungeon Overview and Level Annotations

Branches:
Dungeon (1/1)

Altars:
Cheibriados
Dithmenos
Elyvilon
Fedhas
Gozag
Hepliaklqana
Kikubaaqudgha
Lugonu
Makhleb
Nemelex Xobeh
Okawaru
Qazlal
Ru
Sif Muna
Trog
Uskayaw
Vehumet
Wu Jian
Xom
Yredelemnul
Zin
The Shining One
Beogh
Jiyva

Shops:
D !**(


Innate Abilities, Weirdness & Mutations

Your spells do not cause hunger and MP costs are reduced by 1.
Your bright wings attract enemies. (Stealth-)
You cannot fit into any form of body armour.
Your shimmering scales are hard and can block incoming attacks. (AC +7, SH +7)
You are small and have problems with some larger weapons.
You can fly continuously.


Message History

Okay, then.
The purple very ugly thing burns!
The frost giant is engulfed in poison gas.
The frost giant looks more poisoned.
The purple very ugly thing is engulfed in poison gas.
The purple very ugly thing looks more poisoned.
The purple very ugly thing burns!
The frost giant is engulfed in poison gas.
The frost giant looks more poisoned.
The purple very ugly thing burns!
The frost giant is engulfed in poison gas.
The frost giant looks more poisoned.
The purple very ugly thing burns!
You kill the purple very ugly thing!
Vehumet accepts your kill.
You feel your power returning.
Your Dodging skill increases to level 18!
The frost giant points at you and mumbles some strange words.
The freezing blast explodes!
The freezing blast engulfs you!
You die...

,*,*,*,*,*,*,*,▓§▓.▓.▓.▓.▓.▓)▓.▓.
,*,*,*,*,*,*,*,▓§▓.▓.▓.▓.▓.▓'▓.▓.
,*,*,*,*,*,*+*,▓§▓.▓.▓.▓.▓.▓.▓.▓.
,*,*,*,*,*,*,*,▓§▓.▓.▓.▓.▓.▓.▓.▓.
,*,*+*,*,*,*,*,▓C▓.▓.▓.▓.▓.▓.▓.▓.
,*,*,*,*,*,*,*,▓.▓.▓.▓.▓'▓)▓.▓.▓.
,*,*,*,*,*,*,*,▓†▓.▓.▓.▓.▓.▓.▓.▓.
+*,*,*,*+*,*,*,▓.▓.▓.▓.▓.▓.▓.▓.▓'
,*,*,*,*,*,*,*,▓@▓.▓.▓.▓.▓.▓.▓.▓.
,*,*,*,*,*,*,*,▓.▓.▓.▓.▓.▓.▓.▓.▓.
,*,*,*,*,*,*,*,▓[▓.▓.▓.▓.▓.▓.▓.▓.
,*,*,*,*,*,*,*,▓.▓.▓.▓.▓.▓.▓.▓.▓.
,*,*,*,*,*,*,*,▓.▓.▓.▓.▓.▓.▓.▓.▓.
,*,*,*,*,*,*,*,▓.▓.▓.▓.▓.▓.▓.▓.▓.
,,,*,,,*,,,*,,,▓...▓...▓...▓...▓.
***************▓▓▓▓▓▓▓▓▓▓▓▓▓▓▓▓▓▓


You could see a frost giant.

Vanquished Creatures
  A caustic shrike (D)
  A lich (D)
  Donald (D)
  A fire giant (D)
  A frost giant (D)
  A stone giant (D)
  A very ugly thing (D)
  Nessos (D)
  An entropy weaver (D)
  An ettin (D)
  A fire dragon (D)
  Josephine (D)
  A great orb of eyes (D)
  An ice dragon (D)
  Harold (D)
  A spriggan air mage (D)
  A hydra (D)
  2 rakshasas (D)
  A shambling mangrove (D)
  A merfolk aquamancer (D)
  4 two-headed ogres (D)
  An alligator (D)
  A deep troll earth mage (D)
  6 ogre magi (D)
  A death yak (D)
  An orc high priest (D)
  2 tengu warriors (D)
  3 shock serpents (D)
  A naga sharpshooter (D)
  Urug (D)
  Nergalle (D)
  2 unseen horrors (D)
  A sea snake (D)
  A glowing orange brain (D)
  A swamp dragon (D)
  An orc knight (D)
  An orb spider (D)
  A wolf spider (D)
  A manticore (D)
  A salamander (D)
  2 ugly things (D)
  A guardian serpent (D)
  5 black mambas (D)
  A merfolk siren (D)
  Maurice (D)
  A water nymph (D)
  6 cane toads (D)
  A komodo dragon (D)
  A merfolk (D)
  A yaktaur (D)
  A tengu conjurer (D)
  A komodo dragon (shapeshifter) (D)
  2 jumping spiders (D)
  A jumping spider (shapeshifter) (D)
  A wind drake (D)
  3 tyrant leeches (D)
  3 hornets (D)
  A snapping turtle (D)
  2 blink frogs (D)
  A shadow (D)
  3 tarantellas (D)
  A water elemental (D)
  A yak (D)
  2 vampire mosquitoes (D)
  An insubstantial wisp (D)
  A water moccasin (D)
  An acid dragon (D)
  2 crocodiles (D)
  3 porcupines (D)
  9 orc warriors (D)
  2 swamp drakes (D)
  A sky beast (D)
  4 ogres (D)
  2 centaurs (D)
  9 bullfrogs (D)
  A big kobold (D)
  2 crimson imps (D)
  A jelly (D)
  A quasit (D)
  4 orc wizards (D)
  4 orc priests (D)
  2 worker ants (D)
  2 adders (D)
  A worm (D)
  6 orcs (D)
  A goblin (D)
  A hobgoblin (D)
  A jackal (D)
  A quokka (D)
  A kobold (D)
160 creatures vanquished.

Vanquished Creatures (others)
  A yaktaur (D)
1 creature vanquished.

Grand Total: 161 creatures vanquished

Notes
Turn   | Place    | Note
-------+----------+-------------------------------------------
     0 | D        | MordorOrchid the Fairy Fire Elementalist began the quest
                  | for the Orb.
     0 | D        | Reached XP level 1. HP: 11/11 MP: 6/6
    14 | D        | Reached skill level 1 in Fighting
    14 | D        | Reached skill level 3 in Spellcasting
    15 | D        | Reached XP level 2. HP: 18/18 MP: 8/8
    28 | D        | Noticed a centaur
    40 | D        | Reached skill level 4 in Spellcasting
    40 | D        | Reached skill level 5 in Fire Magic
    40 | D        | Reached XP level 3. HP: 17/24 MP: 8/10
    41 | D        | Reached XP level 4. HP: 22/30 MP: 9/12
    47 | D        | Killed a centaur
    47 | D        | Reached skill level 5 in Spellcasting
    47 | D        | Reached skill level 5 in Conjurations
    47 | D        | Reached XP level 5. HP: 28/37 MP: 10/15
    49 | D        | Reached skill level 6 in Spellcasting
    74 | D        | Learned a level 5 spell: Fireball
    78 | D        | Learned a level 3 spell: Conjure Flame
    82 | D        | Learned a level 3 spell: Inner Flame
    87 | D        | Learned a level 4 spell: Sticky Flame
   112 | D        | Found a roughly hewn altar of Beogh.
   112 | D        | Found a snail-covered altar of Cheibriados.
   112 | D        | Found a shadowy altar of Dithmenos.
   112 | D        | Found a white marble altar of Elyvilon.
   112 | D        | Found a blossoming altar of Fedhas.
   112 | D        | Found an opulent altar of Gozag.
   113 | D        | Found a hazy altar of Hepliaklqana.
   114 | D        | Found a viscous altar of Jiyva.
   115 | D        | Found an ancient bone altar of Kikubaaqudgha.
   116 | D        | Found a corrupted altar of Lugonu.
   117 | D        | Found a burning altar of Makhleb.
   118 | D        | Found a sparkling altar of Nemelex Xobeh.
   119 | D        | Found an iron altar of Okawaru.
   120 | D        | Found a stormy altar of Qazlal.
   121 | D        | Found a sacrificial altar of Ru.
   122 | D        | Found a shimmering blue altar of Sif Muna.
   123 | D        | Found a bloodstained altar of Trog.
   124 | D        | Found a hide-covered altar of Uskayaw.
   125 | D        | Found a radiant altar of Vehumet.
   126 | D        | Found an ornate altar of the Wu Jian Council.
   127 | D        | Found a shimmering altar of Xom.
   128 | D        | Found a basalt altar of Yredelemnul.
   129 | D        | Found a glowing silver altar of Zin.
   130 | D        | Found a glowing golden altar of the Shining One.
   133 | D        | Became a worshipper of Vehumet
   148 | D        | Got the +2 rapier of Conflict {speed, *Corrode +Blink MR+}
   172 | D        | Noticed a bullfrog
   172 | D        | Noticed an ogre
   172 | D        | Noticed a bullfrog
   172 | D        | Noticed a bullfrog
   172 | D        | Noticed a bullfrog
   178 | D        | Killed a bullfrog
   178 | D        | Reached skill level 5 in Evocations
   178 | D        | Reached XP level 6. HP: 33/43 MP: 17/17
   194 | D        | Reached * piety under Vehumet
   194 | D        | Offered knowledge of Magic Dart by Vehumet.
   204 | D        | Reached skill level 1 in Short Blades
   204 | D        | Reached skill level 7 in Spellcasting
   207 | D        | Reached XP level 7. HP: 42/49 MP: 7/19
   207 | D        | Reached ** piety under Vehumet
   263 | D        | Noticed a vampire mosquito
   263 | D        | Noticed a green ugly thing
   269 | D        | Reached skill level 8 in Spellcasting
   275 | D        | Killed a green ugly thing
   275 | D        | Reached skill level 5 in Fighting
   275 | D        | Reached skill level 9 in Spellcasting
   275 | D        | Reached XP level 8. HP: 56/56 MP: 14/23
   283 | D        | Reached *** piety under Vehumet
   289 | D        | Reached skill level 10 in Spellcasting
   289 | D        | Reached skill level 10 in Fire Magic
   403 | D        | Noticed a cane toad
   403 | D        | Noticed a yak
   405 | D        | Offered knowledge of Sting by Vehumet.
   408 | D        | Killed a yak
   408 | D        | Reached **** piety under Vehumet
   410 | D        | Killed a cane toad
   410 | D        | Reached skill level 11 in Spellcasting
   410 | D        | Reached XP level 9. HP: 56/62 MP: 20/26
   411 | D        | Reached skill level 10 in Conjurations
   412 | D        | Noticed a cane toad
   413 | D        | Reached skill level 12 in Spellcasting
   419 | D        | Reached ***** piety under Vehumet
   419 | D        | Killed a cane toad
   419 | D        | Reached skill level 10 in Dodging
   489 | D        | Noticed a black mamba
   489 | D        | Noticed a cane toad
   489 | D        | Noticed a death yak
   489 | D        | Noticed a black mamba
   497 | D        | Killed a black mamba
   497 | D        | Reached skill level 13 in Spellcasting
   505 | D        | Killed a death yak
   505 | D        | Reached XP level 10. HP: 37/71 MP: 29/29
   513 | D        | Killed a cane toad
   513 | D        | Offered knowledge of Throw Frost by Vehumet.
   513 | D        | Reached skill level 14 in Spellcasting
   516 | D        | Killed a black mamba
   544 | D        | Reached ****** piety under Vehumet
   655 | D        | Noticed a cane toad
   655 | D        | Noticed a cane toad
   655 | D        | Noticed a cane toad
   661 | D        | Killed a cane toad
   661 | D        | Offered knowledge of Stone Arrow by Vehumet.
   667 | D        | Killed a cane toad
   667 | D        | Reached skill level 15 in Spellcasting
   669 | D        | Killed a cane toad
   678 | D        | Reached skill level 5 in Short Blades
   740 | D        | Noticed Urug
   743 | D        | Killed Urug
   743 | D        | Reached XP level 11. HP: 42/78 MP: 20/32
   763 | D        | Noticed Harold
   770 | D        | Killed Harold
   786 | D        | Learned a level 3 spell: Stone Arrow
   802 | D        | Noticed Josephine
   806 | D        | Killed Josephine
   806 | D        | Offered knowledge of Olgreb's Toxic Radiance by Vehumet.
   806 | D        | Reached skill level 1 in Shields
   806 | D        | Reached skill level 16 in Spellcasting
   806 | D        | Reached skill level 1 in Earth Magic
   945 | D        | Learned a level 4 spell: Olgreb's Toxic Radiance
   948 | D        | Offered knowledge of Yara's Violent Unravelling by Vehumet.
   966 | D        | Reached skill level 1 in Poison Magic
  1067 | D        | Noticed an orc high priest
  1070 | D        | Noticed an orc knight
  1081 | D        | Killed an orc high priest
  1100 | D        | Killed an orc knight
  1109 | D        | Reached skill level 15 in Conjurations
  1243 | D        | Found Pokhlu's Weapon Boutique.
  1243 | D        | Noticed an ogre mage
  1243 | D        | Noticed an ogre mage
  1243 | D        | Noticed a two-headed ogre
  1244 | D        | Noticed an ogre mage
  1251 | D        | Killed a two-headed ogre
  1253 | D        | Killed an ogre mage
  1253 | D        | Reached skill level 17 in Spellcasting
  1255 | D        | Killed an ogre mage
  1255 | D        | Killed an ogre mage
  1255 | D        | Reached XP level 12. HP: 47/86 MP: 13/35
  1258 | D        | Noticed an ogre mage
  1260 | D        | Offered knowledge of Ozocubu's Refrigeration by Vehumet.
  1264 | D        | Killed an ogre mage
  1264 | D        | Reached skill level 5 in Shields
  1264 | D        | Reached skill level 5 in Earth Magic
  1266 | D        | Noticed a two-headed ogre
  1268 | D        | Noticed an ogre mage
  1274 | D        | Killed a two-headed ogre
  1285 | D        | Killed an ogre mage
  1412 | D        | Found Geilaih's Assorted Antiques.
  1418 | D        | Found Oneim's General Store.
  1422 | D        | Found Atreylyu's Distillery.
  1425 | D        | Bought the +4 mace "Quohiuro" {drain, rPois} for 402 gold
                  | pieces
  1429 | D        | Noticed a two-headed ogre
  1430 | D        | Bought a scroll labeled DAH IXAONG for 28 gold pieces
  1430 | D        | Bought a dark potion for 25 gold pieces
  1430 | D        | Bought a sedimented silvery potion for 25 gold pieces
  1430 | D        | Bought a fizzy red potion for 25 gold pieces
  1430 | D        | Noticed a two-headed ogre
  1432 | D        | Noticed an ogre mage
  1436 | D        | Killed a two-headed ogre
  1436 | D        | Reached skill level 10 in Fighting
  1439 | D        | Killed an ogre mage
  1444 | D        | Killed a two-headed ogre
  1444 | D        | Reached skill level 18 in Spellcasting
  1444 | D        | Reached skill level 15 in Fire Magic
  1449 | D        | Bought a scroll of immolation for 49 gold pieces
  1449 | D        | Bought a scroll of identify for 28 gold pieces
  1449 | D        | Bought 2 scrolls of immolation for 98 gold pieces
  1449 | D        | Bought a scroll of magic mapping for 49 gold pieces
  1466 | D        | Bought a glowing hat for 196 gold pieces
  1466 | D        | Bought a runed scarf for 224 gold pieces
  1507 | D        | Bought a runed blowgun for 154 gold pieces
  1507 | D        | Bought a sharpened fluorescent wand for 112 gold pieces
  1515 | D        | Bought a potion of heal wounds for 65 gold pieces
  1515 | D        | Bought a potion of heal wounds for 65 gold pieces
  1515 | D        | Bought a potion of heal wounds for 65 gold pieces
  1524 | D        | Bought a potion of magic for 104 gold pieces
  1524 | D        | Bought a potion of curing for 39 gold pieces
  1524 | D        | Bought a potion of curing for 39 gold pieces
  1524 | D        | Bought a potion of agility for 52 gold pieces
  1524 | D        | Bought a potion of might for 52 gold pieces
  1594 | D        | Noticed Maurice
  1596 | D        | Killed Maurice
  1683 | D        | Noticed a stone giant
  1699 | D        | Offered knowledge of Venom Bolt by Vehumet.
  1702 | D        | Killed a stone giant
  1702 | D        | Noticed an ettin
  1708 | D        | Killed an ettin
  1710 | D        | Noticed a rakshasa
  1718 | D        | Killed a rakshasa
  1720 | D        | Noticed a great orb of eyes
  1723 | D        | Killed a great orb of eyes
  1723 | D        | Reached XP level 13. HP: 94/94 MP: 16/37
  1735 | D        | Noticed a rakshasa
  1737 | D        | Killed a rakshasa
  1763 | D        | Noticed Nessos
  1768 | D        | Killed Nessos
  1785 | D        | Noticed Donald
  1794 | D        | Killed Donald
  1794 | D        | Reached skill level 15 in Dodging
  1794 | D        | Reached skill level 19 in Spellcasting
  1837 | D        | Noticed Nergalle
  1843 | D        | Killed Nergalle
  1972 | D        | Offered knowledge of Iron Shot by Vehumet.
  1974 | D        | Noticed an entropy weaver
  1978 | D        | Reached skill level 10 in Shields
  1980 | D        | Killed an entropy weaver
  1980 | D        | Reached skill level 10 in Earth Magic
  2043 | D        | Learned a level 6 spell: Iron Shot
  2053 | D        | Offered knowledge of Bolt of Cold by Vehumet.
  2284 | D        | Learned a level 6 spell: Bolt of Cold
  2287 | D        | Reached skill level 1 in Ice Magic
  2288 | D        | Offered knowledge of Bolt of Fire by Vehumet.
  2291 | D        | HP: 3/97 [merfolk aquamancer/+0 rapier (12)]
  2301 | D        | Reached skill level 20 in Spellcasting
  2556 | D        | Learned a level 6 spell: Bolt of Fire
  2559 | D        | Offered knowledge of Conjure Ball Lightning by Vehumet.
  2567 | D        | Reached XP level 14. HP: 17/104 MP: 40/40
  2891 | D        | Reached skill level 5 in Ice Magic
  3001 | D        | Noticed a lich
  3002 | D        | Paralysed by a lich for 2 turns
  3007 | D        | Killed a lich
  3012 | D        | Noticed a frost giant
  3190 | D        | Noticed a caustic shrike
  3195 | D        | Offered knowledge of Lehudib's Crystal Spear by Vehumet.
  3195 | D        | Offered knowledge of Glaciate by Vehumet.
  3195 | D        | Offered knowledge of Ignition by Vehumet.
  3196 | D        | Noticed a fire giant
  3199 | D        | Killed a frost giant
  3199 | D        | Reached skill level 21 in Spellcasting
  3203 | D        | Killed a caustic shrike
  3208 | D        | Killed a fire giant
  3262 | D        | Noticed a purple very ugly thing
  3262 | D        | Noticed a frost giant
  3263 | D        | Noticed a fire giant
  3283 | D        | Killed a purple very ugly thing
  3283 | D        | Killed from afar by a frost giant

Skill      XL: |  1  2  3  4  5  6  7  8  9 10 11 12 13 14 |
---------------+-------------------------------------------+-----
Fire Magic     | 4 5 6 7 8 9 10 11 12 14 15 17 | 17.9
Dodging        | 3 4 6 7 8 9 10 11 12 14 16 18 | 18.0
Fighting       | 1 2 3 4 5 6 7 8 9 10 12 13 | 13.5
Spellcasting   | 3 4 5 6 7 9 11 13 15 17 18 20 21 | 21.5
Conjurations   | 2 3 5 6 8 9 12 14 15 16 17 18 | 18.9
Evocations     | 5 8 |  8.1
Short Blades   | 2 4 5 6 |  6.0
Shields        | 4 8 12 14 | 14.1
Earth Magic    | 4 8 10 | 10.0
Poison Magic   | 4 |  4.2
Ice Magic      | 4 8 |  8.6
Stealth        | |  1.5

Action                   |  1- 3 |  4- 6 |  7- 9 | 10-12 | 13-15 || total
-------------------------+-------+-------+-------+-------+-------++-------
Melee: Rapier            |       |    28 |     2 |    16 |     2 ||    48
       Mace              |       |       |       |       |     3 ||     3
 Cast: Flame Tongue      |    25 |    10 |    14 |    90 |    21 ||   160
       Sticky Flame      |       |     1 |     5 |     7 |    15 ||    28
       Conjure Flame     |       |     1 |     5 |    13 |     7 ||    26
       Fireball          |       |     1 |     7 |    65 |    35 ||   108
       Olgreb's Toxic Ra |       |       |       |     3 |     5 ||     8
       Stone Arrow       |       |       |       |     1 |       ||     1
       Bolt of Cold      |       |       |       |       |    11 ||    11
       Iron Shot         |       |       |       |       |    12 ||    12
       Bolt of Fire      |       |       |       |       |     8 ||     8
 Abil: Stop Flying       |       |       |       |       |     1 ||     1
Evoke: Wand              |       |       |       |     6 |     7 ||    13
  Use: Potion            |       |     1 |       |       |     1 ||     2
       Scroll            |       |       |       |     1 |     2 ||     3
 Stab: Invisible         |       |     7 |       |       |       ||     7
  Eat: Chunk             |       |       |       |     4 |     2 ||     6
       Ration            |       |       |       |       |     1 ||     1
Armor: Skin              |     9 |     3 |       |     2 |     4 ||    18
Dodge: Dodged            |    30 |    26 |    27 |    28 |    38 ||   149
Block: Other             |     4 |     3 |     8 |     4 |       ||    19
       Shield            |       |       |       |    22 |    59 ||    81
       Reflection        |       |       |       |       |     1 ||     1
